 Dungeon Crawl Stone Soup version 0.25.1-2-g60ff931df9 (webtiles) character file.

Game seed: 12069466385713106493

43 gruber the Stinger (level 3, -4/21 HPs)
             Began as an Octopode Venom Mage on Nov 3, 2020.
             Slain by an orc
             ... wielding a +2 flail of pain
              (11 damage)
             ... on level 3 of the Dungeon.
             The game lasted 00:03:06 (2787 turns).

gruber the Stinger (Octopode Venom Mage)            Turns: 2787, Time: 00:03:07

Health: -4/21      AC:  1    Str:  7    XL:     3   Next: 58%
Magic:  0/6        EV: 13    Int: 18    God:
Gold:   100        SH:  0    Dex: 12    Spells: 2/6 levels left

rFire    . . .     SeeInvis .   p - +0 hand axe (drain)
rCold    . . .     Gourm    .   (no shield)
rNeg     . . .     Faith    .   (helmet restricted)
rPois    .         Spirit   .   (no amulet)
rElec    .         Reflect  .   d - ring of teleportation (curse)
rCorr    .         Harm     .   (no ring)
MR       .....     Rnd*Tele +   (no ring)
Stlth    +++.......             (no ring)
HPRegen  0.07/turn              (no ring)
MPRegen  0.10/turn              (no ring)
                                (no ring)
                                (no ring)

@: lightly drained
A: almost no armour, stealthy swim, amphibious, 8 rings, constrict 8, camouflage
1, gelatinous body 1
a: no special abilities


You were on level 3 of the Dungeon.
You were very hungry.

You visited 1 branch of the dungeon, and saw 3 of its levels.

You collected 100 gold pieces.

Inventory:

Hand Weapons
 p - a +0 hand axe of draining (weapon)
Jewellery
 d - a cursed ring of teleportation (left tentacle)
Scrolls
 c - 3 scrolls of teleportation {unknown}
 e - 2 scrolls of fear {unknown}
 f - a scroll of immolation {unknown}
 g - 2 scrolls of remove curse {unknown}
 j - 2 scrolls of fog {unknown}
 n - 2 scrolls of identify {unknown}
 o - a scroll of amnesia {unknown}
Potions
 h - a potion of magic {unknown}
 i - 2 potions of might {unknown}
 k - a potion of curing {unknown}
 l - 2 potions of lignification {unknown}
 m - a potion of mutation {unknown}
Comestibles
 b - 7 rations


   Skills:
 - Level 2.0(1.7) Dodging
 - Level 3.1(2.8) Stealth
 - Level 2.0(1.7) Spellcasting
 + Level 0.5(0.2) Conjurations
 - Level 1.0(0.7) Transmutations
 + Level 0.5(0.2) Air Magic
 - Level 5.0(4.7) Poison Magic


You had 2 spell levels left.
You knew the following spells:

 Your Spells              Type           Power        Failure   Level  Hunger
a - Sting                 Tmut/Pois      ##..         6%          1    #......
b - Mephitic Cloud        Conj/Pois/Air  #.......     26%         3    ###....

Your spell library contained the following spells:

 Spells                   Type           Power        Failure   Level  Hunger
 Poisonous Vapours        Pois/Air       ##....       10%         2    ###....
 Ignite Poison            Fire/Tmut/Pois #.......     26%         3    ###....
 Olgreb's Toxic Radiance  Pois           ###.....     26%         4    #####..


Dungeon Overview and Level Annotations

Branches:
Dungeon (3/15)

Altars:
Qazlal


Innate Abilities, Weirdness & Mutations

You cannot wear most types of armour.
You are very stealthy in the water. (Stealth+)
You are amphibious.
You can wear up to eight rings at the same time.
You can use your tentacles to constrict eight enemies at once.
Your skin changes colour to match your surroundings (Stealth+).
Your rubbery body absorbs attacks. (AC +1, EV +1)


Message History

Confirm with . or Enter, or press ? or * to list all spells.
Aiming: Sting (safe; 6% risk of failure)
Press: ? - help, Shift-Dir - straight line, f - orc
Aim: an orc, wielding a +2 flail of pain The sting hits the orc.
The orc is poisoned.
The orc is moderately wounded.
Unknown command.
Unknown command.
Unknown command.
Unknown command.
Casting: Sting (safe; 6% risk of failure)
Confirm with . or Enter, or press ? or * to list all spells.
Aiming: Sting (safe; 6% risk of failure)
Press: ? - help, Shift-Dir - straight line, f/p - orc
Aim: an orc, wielding a +2 flail of pain (moderately wounded, poisoned)
The sting hits the orc.
The orc looks even sicker.
The orc is almost dead.
The orc hits you with a +2 flail of pain!
Ouch! That really hurt!
You die...

..)....).......))...#
###################.#
.# .# .# .# .#
#########.#
#....o@...#
#.######### #.#......
#...# #.....##
#.....'. #.....###
#### .......o ....
........##


You could see an orc (very poisoned).

Vanquished Creatures
  An ooze (D:2)
  A dart slug (D:1)
  4 orcs (D:3)
  3 goblins
  3 hobgoblins
  4 kobolds
  7 bats
  A frilled lizard (D:1)
  8 rats
32 creatures vanquished.

Notes
Turn   | Place    | Note
-------+----------+-------------------------------------------
     0 | D:1      | gruber the Octopode Venom Mage began the quest for the Orb.
     0 | D:1      | Reached XP level 1. HP: 11/11 MP: 3/3
   191 | D:1      | Reached skill level 4 in Poison Magic
   217 | D:1      | Reached XP level 2. HP: 3/17 MP: 0/5
  1356 | D:2      | Found a stormy altar of Qazlal.
  1431 | D:2      | Reached skill level 5 in Poison Magic
  1431 | D:2      | Reached XP level 3. HP: 19/21 MP: 6/6
  2555 | D:3      | Learned a level 3 spell: Mephitic Cloud
  2787 | D:3      | Slain by an orc

Illustrated notes

Levels and vault maps discovered:
D:1:      wander_arrival_chamber, layout_basic, dk_noncrumbling_3,
          minmay_splitting_lines
D:2:      layout_basic, nicolae_qazlal_general_emergency
D:3:      layout_basic, chequers_temple_overflow_minitemple,
          minmay_misc_feat_iff, okawaru_altar_gauntlet_db

Skill      XL: |  1  2  3 |
---------------+----------+-----
Poison Magic   | 4 5 |  5.0
Stealth        | 3 |  3.1
Dodging        | |  2.0
Spellcasting   | |  2.0
Conjurations   | |  0.5
Transmutations | |  1.0
Air Magic      | |  0.5

Action                   || total
-------------------------++-------
Melee: Unarmed           ||    28
       Constrict         ||    17
       Tentacles         ||     7
       Short sword       ||    33
 Cast: Sting             ||    24
 Stab: Sleeping          ||     8
  Eat: Chunk             ||     5
Armor: Skin              ||     6
Dodge: Dodged            ||    36
